 Dungeon Crawl Stone Soup version 0.19.3-4-gbf9329e (webtiles) character file.

258 Megalobster the Conjurer (level 5, -6/28 HPs)
             Began as a Deep Elf Conjurer on Jan 30, 2017.
             Killed by divine providence
             ... invoked by an orc priest
              (15 damage)
             ... on level 3 of the Dungeon.
             The game lasted 00:11:08 (3113 turns).

Megalobster the Conjurer (Deep Elf Conjurer)        Turns: 3113, Time: 00:11:08

Health: -6/28      AC:  3    Str:  5    XL:     5   Next: 94%
Magic:  3/14       EV: 13    Int: 21    God:
Gold:   37         SH:  0    Dex: 15    Spells: 4 memorised, 3 levels left

rFire  . . .     SeeInvis .     t - +2 dagger (venom)
rCold  . . .     Gourm    .     a - +1 robe
rNeg   . . .     Faith    .     (no shield)
rPois  .         Spirit   .     (no helmet)
rElec  .         Reflect  .     (no cloak)
rCorr  .         Harm     .     (no gloves)
MR     .....                    (no boots)
Stlth  ++........               (no amulet)
                                (no ring)
                                (no ring)

@: very slightly contaminated
A: no striking features
a: no special abilities


You were on level 3 of the Dungeon.
You were not hungry.

You visited 1 branch of the dungeon, and saw 3 of its levels.

You collected 37 gold pieces.

Inventory:

Hand Weapons
 e - a +0 dagger
 l - a +0 dagger of speed
 n - a +1 flail of holy wrath
 t - a +2 dagger of venom (weapon)
Missiles
 h - 136 stones (quivered)
Armour
 a - a +1 robe (worn)
 j - a +0 robe
Scrolls
 f - a scroll of enchant armour
 i - 3 scrolls of identify
 k - a scroll of amnesia {unknown}
 v - a scroll of immolation
Potions
 g - a potion of flight {unknown}
 m - a potion of haste {unknown}
 p - a potion of heal wounds {unknown}
 q - 2 potions of mutation {unknown}
 w - 2 potions of brilliance {unknown}
Books
 b - a book of Conjurations

   Spells                             Type                      Level
   a - Magic Dart                     Conjuration                  1
   b - Searing Ray                    Conjuration                  2
   c - Dazzling Spray                 Conjuration/Hexes            3
   d - Fulminant Prism                Conjuration/Hexes            4
   e - Iskenderun's Mystic Blast      Conjuration                  4
   f - Iskenderun's Battlesphere      Conjuration/Charms           5
Comestibles
 c - 7 bread rations
 o - 2 beef jerkies
 r - 2 slices of pizza
 s - 8 chunks of flesh
 u - 2 meat rations


   Skills:
 - Level 2.4 Dodging
 - Level 2.4 Stealth
 + Level 5.4 Spellcasting
 * Level 6.7 Conjurations
 * Level 2.0 Charms


You had 3 spell levels left.
You knew the following spells:

 Your Spells              Type           Power        Failure   Level  Hunger
a - Magic Dart            Conj           ####         1%          1    None
b - Searing Ray           Conj           ####..       1%          2    None
c - Dazzling Spray        Conj/Hex       ###...       10%         3    ##.....
d - Iskenderun's Battles  Conj/Chrm      ###.....     54%         5    #####..


Dungeon Overview and Level Annotations

Branches:
Dungeon (3/15)

Altars:
Xom
Zin


Message History

Press: ? - help, Shift-Dir - straight line, f/p - orc priest
Aim: an orc priest, wielding a falchion and wearing a leather armour The searing ray misses the orc.
The searing ray hits the orc priest.
The orc priest is heavily wounded. (Press . to maintain the ray.)
The orc hits you but does no damage.
The orc priest hits you with a falchion!
* * * LOW HITPOINT WARNING * * *
The searing ray hits the orc.
The orc is severely wounded.
The orc barely misses you.
Blink to where?
Press: ? - help, Dir - move target cursor, p - orc priest You are very lightly contaminated with residual magic.
As you read the scroll of blinking, it crumbles to dust.
You see here 26 arrows.
The orc priest calls down the wrath of Beogh upon you.
Beogh smites you!
Ouch! That really hurt!
You die...

.##....#####÷...#
.........#......#
##.......÷.).#..#
#.###...#...#..## #.#
#....#)###..##### ##
#.###[....).#........
..>.###.##..#.....#)..#####
......................#
#######..######@#####.# ##..#
#.# #.# ####...# #.# #÷#
#....#.# #.# #.# #.##...# #.#
#.# #.####.# #(# #.# ######
#)# #.# #o# #.#####..... ##.##
#.# #o# #..)....####
###.>.###.######.#############


You could see an orc priest and an orc.

Vanquished Creatures
  3 orc priests (D:3)
  An orc wizard (D:3)
  2 adders
  4 gnolls (D:2)
  An ooze (D:3)
  2 worms (D:2)
  A leopard gecko (D:2)
  6 orcs (D:3)
  2 ball pythons
  5 bats
  A giant cockroach (D:2)
  8 hobgoblins
  8 jackals
  4 frilled lizards
  11 goblins
  6 kobolds
  8 rats
73 creatures vanquished.

Notes
Turn   | Place    | Note
-------+----------+-------------------------------------------
     0 | D:1      | Megalobster the Deep Elf Conjurer began the quest for the Orb.
     0 | D:1      | Reached XP level 1. HP: 10/10 MP: 6/6
   227 | D:1      | Reached XP level 2. HP: 14/15 MP: 6/8
   231 | D:1      | Learned a level 2 spell: Searing Ray
   646 | D:1      | Reached skill level 5 in Conjurations
  1251 | D:2      | Reached XP level 3. HP: 19/19 MP: 3/10
  1312 | D:2      | Found a shimmering altar of Xom.
  1313 | D:2      | Noticed an angel
  1314 | D:2      | Found a glowing silver altar of Zin.
  1354 | D:2      | Learned a level 3 spell: Dazzling Spray
  1871 | D:2      | Reached XP level 4. HP: 24/24 MP: 7/12
  2528 | D:2      | Reached skill level 6 in Conjurations
  2649 | D:3      | Reached XP level 5. HP: 28/28 MP: 9/14
  2656 | D:3      | Learned a level 5 spell: Iskenderun's Battlesphere
  2659 | D:3      | Reached skill level 5 in Spellcasting
  2814 | D:3      | Reached skill level 1 in Charms
  3113 | D:3      | Killed from afar by an orc priest

Skill      XL: |  1  2  3  4  5 |
---------------+----------------+-----
Conjurations   | 5 6 |  6.7
Spellcasting   | 4 5 |  5.4
Charms         | 2 |  2.0
Dodging        | |  2.4
Stealth        | |  2.4

Action                   |  1- 3 |  4- 6 || total
-------------------------+-------+-------++-------
Melee: Dagger            |       |     1 ||     1
 Cast: Magic Dart        |    63 |    27 ||    90
       Searing Ray       |     8 |    19 ||    27
  Use: Scroll            |     4 |     2 ||     6
  Eat: Chunk             |     3 |     4 ||     7
Armor: Robe              |     1 |     1 ||     2
Dodge: Dodged            |     1 |     9 ||    10
